 Dungeon Crawl Stone Soup version 0.27.1-33-g824d729ab1 (webtiles) character file.

Game seed: 15103128351627883980

60 Grim the Skirmisher (level 4, 0/49 HPs)
             Began as an Ogre Berserker on Dec 20, 2021.
             Was a Believer of Trog.
             Succumbed to an adder's poison
             ... on level 2 of the Dungeon.
             The game lasted 00:02:01 (1704 turns).

Grim the Skirmisher (Ogre Berserker)                Turns: 1704, Time: 00:02:02

Health: 0/49       AC:  3    Str: 20 (21) XL:     4   Next: 6%
Magic:  4/4        EV: 10    Int:  6 (8)  God:    Trog [**....]
Gold:   103        SH:  0    Dex:  8 (9)  Spells: 3/3 levels left

rFire    . . .     SeeInvis .   a - +0 mace
rCold    . . .     Faith    .   (no shield)
rNeg     . . .     Spirit   .   b - +0 animal skin
rPois    .         Reflect  .   (helmet restricted)
rElec    .         Harm     .   (no cloak)
rCorr    .         Rampage  .   (gloves unavailable)
Will     .....                  (boots unavailable)
Stlth    +.........             (no amulet)
HPRegen  0.16/turn              (no ring)
MPRegen  0.09/turn              (no ring)

@: lethally poisoned (0 -> -2), on berserk cooldown, slowed, very slow
A: large, unfitting armour, tough skin 1
a: Renounce Religion, Berserk, Trog's Hand


You were on level 2 of the Dungeon.
You worshipped Trog.
Trog was pleased with you.
You visited 1 branch of the dungeon, and saw 2 of its levels.

You collected 103 gold pieces.

Inventory:

Hand Weapons
 a - a +0 mace (weapon)
Armour
 b - a +0 animal skin (worn)
Scrolls
 c - 2 scrolls of identify {unknown}
 e - a scroll of fear {unknown}
 g - a scroll of fog {unknown}
 h - a scroll of amnesia {unknown}
Potions
 f - a potion of flight {unknown}
 i - a potion of magic {unknown}
 j - a potion of curing {unknown}


   Skills:
 + Level 4.8 Fighting
 * Level 3.9 Maces & Flails
 - Level 2.6 Dodging


You had 3 spell levels left.
You didn't know any spells.
Your spell library was empty.

Dungeon Overview and Level Annotations

Branches:
Dungeon (2/15)

Altars:


Innate Abilities, Weirdness & Mutations

You are too large for most types of armour.
You have tough skin. (AC +1)


Message History

The adder poisons you!
You miss the adder.
The adder is severely wounded.
You feel sick. The adder misses you. The adder bites you but does no damage.
You miss the adder.
The adder is severely wounded.
You feel sick. The adder bites you but does no damage. The adder bites you.
* * * LOW HITPOINT WARNING * * *
You are lethally poisoned!
The adder poisons you!
You barely miss the adder.
The adder is severely wounded.
* * * LOW HITPOINT WARNING * * *
You feel sick. The adder barely misses you.
A red film seems to cover your vision as you go berserk!
You feel yourself moving faster!
You feel mighty!
* * * LOW HITPOINT WARNING * * *
You feel sick. The adder barely misses you.
You sock the adder!
You kill the adder!
Trog accepts your kill.
* * * LOW HITPOINT WARNING * * *
You feel sick.
You have reached level 4!
You are too berserk!
You are too berserk!
* * * LOW HITPOINT WARNING * * *
You feel sick.
You feel a strong urge to attack something.
* * * LOW HITPOINT WARNING * * *
You feel sick.
You feel your anger nearly subside.
You are no longer berserk.
You are exhausted.
You feel yourself slow down.
* * * LOW HITPOINT WARNING * * *
You feel sick.
It was a potion of degeneration.
There was something very wrong with that liquid.
You feel weakened.
You feel dopey.
You feel clumsy.
You die...

### . '.# ###. #.#
..# #.# #.# #.#
#.# #.# #.# #.#
#########.# #.#
#.......!.#
#.######.######.@#
#...†...<........#
###############.##
... #... ###.# .#


There were no monsters in sight!

Vanquished Creatures
  2 adders (D:2)
  5 endoplasms
  4 goblins
  4 hobgoblins
  8 jackals (D:1)
  A ball python (D:1)
  7 bats
  2 frilled lizards
  3 kobolds
  3 rats
39 creatures vanquished.

Vanquished Creatures (others)
  A rat (D:2)
1 creature vanquished.

Grand Total: 40 creatures vanquished

Notes
Turn   | Place    | Note
-------+----------+-------------------------------------------
     0 | D:1      | Grim the Ogre Berserker began the quest for the Orb.
     0 | D:1      | Reached XP level 1. HP: 24/24 MP: 1/1
   188 | D:1      | Reached XP level 2. HP: 19/32 MP: 2/2
   320 | D:1      | Found a faded altar of an unknown god.
   834 | D:1      | Reached XP level 3. HP: 39/40 MP: 3/3
  1246 | D:2      | Reached ** piety under Trog
  1700 | D:2      | Reached XP level 4. HP: 4/49 MP: 4/4
  1702 | D:2      | HP: 3/73 [poisoned by an adder]
  1703 | D:2      | HP: 1/49 [poisoned by an adder]
  1704 | D:2      | Succumbed to an adder's poison

Illustrated notes

Levels and vault maps discovered:
D:1:      dpeg_arrival_subterranean_lakeside_camping, layout_basic,
          ebering_ecumenical_altar_webs
D:2:      layout_basic, lemuel_old_faithful

Skill      XL: |  1 |
---------------+----+-----
Maces & Flails | 3 |  3.9
Fighting       | |  4.8
Dodging        | |  2.6

Action                   |  1- 3 |  4- 6 || total
-------------------------+-------+-------++-------
Melee: Mace              |   143 |       ||   143
Invok: Berserk           |     2 |       ||     2
  Use: Potion            |       |     1 ||     1
Armor: Animal skin       |    56 |       ||    56
Dodge: Dodged            |    88 |       ||    88
